AoeStats
← Yoichi Isagi

Arabia

503870245Analyzed
1v1 RM · 1mo ago on Sep 2, 2026· 28m 32s· 2 players
Game mode
Random Map
Map size
Tiny (2 player)
Population
200
Speed
Normal
Resources
Standard
Victory
Conquest
Starting age
Dark Age
Ending age
Imperial Age
RankedLock teamsTeams togetherTeam positionsShared explorationLock speedFull tech treeHidden civsTurbo modeCheats
Victory
Defeat
🇺🇸 Tupi · United States
891
+14
🇮🇹 Lithuanians · Italy
856
-14
Yoichi Isagi
3:10 Loom
12:39 Feudal Age
19:18 Castle Age
17:43 Double-Bit Axe
17:47 Horse Collar
22:48 Stone Mining
24:42 Wheelbarrow
24:27 Fletching
26:11 Bloodlines
28:03 Husbandry
28:57 Bow Saw
bikerboy4444
7:34 Loom
10:19 Feudal Age
11:48 Double-Bit Axe
18:36 Castle Age
19:10 Fletching
19:01 Pikeman
20:36 Bow Saw
22:11 Scale Mail Armor
25:02 Wheelbarrow
26:49 Bodkin Arrow
Connection lost

Rejoining the realm…

Still unreachable

The connection could not be restored.

Session expired

The server has moved on; the page needs a fresh start.